 Dungeon Crawl Stone Soup version 0.29.1-15-g9cfb28693d (webtiles) character file.

Game seed: 11219732100217158012

145 JeLyseng the Shield-Bearer (level 5, 0/52 HPs)
             Began as a Troll Fighter on Mar 26, 2023.
             Slain by a hound (1 damage)
             ... on level 4 of the Dungeon on Mar 27, 2023.
             The game lasted 00:38:16 (3319 turns).

JeLyseng the Shield-Bearer (Troll Fighter)          Turns: 3319, Time: 00:38:16

Health: 0/52       AC:  4    Str: 26      XL:     5   Next: 6%
Magic:  13/13      EV: 12    Int:  4      God:
Gold:   154        SH:  7    Dex:  7 (9)  Spells: 4/4 levels left

rFire   . . .      SeeInvis .   a - +1 long sword
rCold   . . .      Faith    .   c - +0 kite shield
rNeg    . . .      Spirit   .   b - +0 robe
rPois   .          Reflect  .   (helmet restricted)
rElec   .          Harm     .   (no cloak)
rCorr   .          Rampage  .   (gloves unavailable)
Will    .....                   (boots unavailable)
Stlth   +.........              (no amulet)
HPRegen 0.97/turn               d - ring of magical power
MPRegen 0.13/turn               k - +4 ring of evasion

@: lethally poisoned (0 -> -3), hasted, very quick
A: large, unfitting armour, claws 3, regeneration 1, shaggy fur 1, tough skin 1
a: no special abilities


You were on level 4 of the Dungeon.
You visited 1 branch of the dungeon, and saw 4 of its levels.

You collected 154 gold pieces.

Inventory:

Hand Weapons
 a - a +1 long sword (weapon)
 g - a +1 dagger of electrocution
Missiles
 f - 28 stones (quivered)
 l - 2 boomerangs
Armour
 b - a +0 robe (worn)
 c - a +0 kite shield (worn)
Magical Staves
 h - a staff of death
Jewellery
 d - a ring of magical power (left claw)
 k - a +4 ring of evasion (right claw)
Scrolls
 e - a scroll of blinking {unknown}
Potions
 i - a potion of magic


   Skills:
 + Level 2.8 Fighting
 + Level 2.8 Long Blades
 + Level 3.1 Dodging
 + Level 3.4 Shields


You had 4 spell levels left.
You didn't know any spells.
Your spell library contained the following spells:

 Spells                   Type           Power      Damage    Failure   Level
 Necrotise                Necr           0%         1d4       80%         1
 Vampiric Draining        Necr           0%         2d6       99%         3
 Agony                    Necr           0%         N/A       100%        5


Dungeon Overview and Level Annotations

Branches:
Dungeon (4/15)
 Temple: D:4-7

Altars:
Dithmenos
Kikubaaqudgha
Xom
Zin

Shops:
D:1 :   D:2 *


Innate Abilities, Weirdness & Mutations

You are too large for most types of armour.
You have claws for hands.
Your natural rate of healing is unusually fast.
You are covered in fur. (AC +1)
You have tough skin. (AC +1)


Message History

You feel sick. The adder barely misses you. The scorpion stings you.
The goblin hits you with a +0 club. The adder barely misses you.
The scorpion stings you but does no damage.
You hit the scorpion but do no damage.
The scorpion is lightly wounded.
You feel sick. The adder barely misses you. You block the goblin's attack.
You block the scorpion's attack. You block the adder's attack.
You feel sick. You block the scorpion's attack.
The goblin unwields a +0 club.
The goblin wields a +0 sling.
The goblin shoots a sling bullet.
The sling bullet barely misses you.
You feel sick.
You are no longer poisoned.
The scorpion stings you. The adder attacks as you move away!
The adder bites you.
You are poisoned.
The adder poisons you!
You feel sick. The adder bites you.
* * * LOW HITPOINT WARNING * * *
You are more poisoned.
The adder poisons you!
A hound comes into view.
You feel sick.
The hound barks!
You feel sick.
The goblin shoots a sling bullet.
You block the sling bullet. The scorpion attacks as you move away!
The scorpion closely misses you.
You feel sick. The hound misses you.
You hit the hound but do no damage.
You feel sick. The adder bites you.
* * * LOW HITPOINT WARNING * * *
The scorpion stings you.
* * * LOW HITPOINT WARNING * * *
You are more poisoned.
The scorpion poisons you! The hound bites you.
* * * LOW HITPOINT WARNING * * *
The adder barely misses you. The scorpion closely misses you.
The hound bites you.
* * * LOW HITPOINT WARNING * * *
Unknown command.
It was a potion of haste.
You feel yourself speed up.
* * * LOW HITPOINT WARNING * * *
You feel sick. The adder closely misses you. The hound bites you.
You die...

.... ##..# ....# .#
#...# .# #...#..#
##.###...#..###..#
.....(.h.........
#.###.@.##.#.#.
.#....gsS......
.......g.......
...............
.#......###.### # .
##......###.####.#...
.....................
##....=.#....<>......
..............>......


You could see a scorpion, a hound, an adder and 2 goblins.

Vanquished Creatures
  Jessica (D:2)
  Ijyb (D:3)
  2 adders (D:3)
  A dart slug (D:3)
  2 orcs (D:3)
  3 ball pythons
  8 bats
  8 endoplasms
  2 giant cockroaches
  10 goblins
  5 hobgoblins
  8 jackals
  3 kobolds
  2 quokkas
  4 frilled lizards (D:1)
  6 rats
66 creatures vanquished.

Vanquished Creatures (others)
  A fungus (D:1)
  2 plants (D:1)
3 creatures vanquished.

Grand Total: 69 creatures vanquished

Notes
Turn   | Place    | Note
-------+----------+-------------------------------------------
     0 | D:1      | JeLyseng the Troll Fighter began the quest for the Orb.
     0 | D:1      | Reached XP level 1. HP: 22/22 MP: 0/0
    26 | D:1      | Found Asaett's Vocational Training.
   151 | D:1      | Reached XP level 2. HP: 28/29 MP: 1/1
   609 | D:1      | Found a faded altar of an unknown god.
   816 | D:1      | Reached XP level 3. HP: 36/36 MP: 2/2
  1282 | D:2      | Found Limevoaw's Assorted Antiques.
  1780 | D:2      | Noticed Jessica
  1797 | D:2      | Killed Jessica
  1798 | D:2      | Reached XP level 4. HP: 13/44 MP: 3/3
  2184 | D:3      | HP: 2/44 [orc/+0 mace (7)]
  2287 | D:3      | Noticed an angel
  2288 | D:3      | Found a glowing silver altar of Zin.
  2288 | D:3      | Found a shimmering altar of Xom.
  2393 | D:3      | Noticed Ijyb
  2446 | D:3      | Killed Ijyb
  2642 | D:3      | Found a shadowy altar of Dithmenos.
  2740 | D:3      | Found an ancient bone altar of Kikubaaqudgha.
  2998 | D:3      | Reached XP level 5. HP: 50/52 MP: 4/4
  3318 | D:4      | HP: 2/52 [hound (3)]
  3319 | D:4      | Slain by a hound

Illustrated notes

Levels and vault maps discovered:
D:1:      minmay_arrival_three_doors, layout_rooms,
          shapermc_ecumenical_altar_acropolis, minmay_misc_feat_secret_circle,
          nicolae_shop_vocational
D:2:      layout_loops_ring, serial_shops, nicolae_shop_hallway_plus,
          kennysheep_small_spiral, uniq_jessica
D:3:      layout_loops_ring, grunt_temple_overflow_order_and_chaos_1,
          mainiacjoe_overflow_surrounded_room, nicolae_overflow_crystal_walls,
          uniq_ijyb
D:4:      layout_basic, general_overflow_altar, uniq_grinder

Skill      XL: |  1  2  3  4 |
---------------+-------------+-----
Shields        | 3 |  3.4
Long Blades    | 2 |  2.8
Dodging        | 3 |  3.1
Fighting       | |  2.8

Action                   |  1- 3 |  4- 6 || total
-------------------------+-------+-------++-------
Melee: Long sword        |   205 |   112 ||   317
  Use: Potion            |     7 |     2 ||     9
       Scroll            |     5 |     1 ||     6
 Stab: Sleeping          |       |     1 ||     1
Armor: Robe              |   118 |    37 ||   155
Dodge: Dodged            |   115 |    99 ||   214
Block: Kite shield       |   116 |    77 ||   193
